 Dungeon Crawl Stone Soup version 0.21-a0-509-gecc5317 (webtiles) character file.

793 slep the Chopper (level 7, -9/55 HPs)
             Began as a Barachi Gladiator on Dec 1, 2017.
             Mangled by a yak (12 damage)
             ... on level 5 of the Dungeon.
             The game lasted 00:14:17 (3496 turns).

slep the Chopper (Barachi Gladiator)                Turns: 3496, Time: 00:14:18

Health: -9/55      AC:  7    Str: 15    XL:     7   Next: 88%
Magic:  7/7        EV: 14    Int: 14    God:
Gold:   243        SH:  0    Dex: 15    Spells: 6/6 levels left

rFire    + . .     SeeInvis .   a - +0 war axe
rCold    . . .     Gourm    .   (no shield)
rNeg     . . .     Faith    .   E - +0 leather armour {rF+}
rPois    .         Spirit   .   q - +2 helmet
rElec    .         Reflect  .   (no cloak)
rCorr    .         Harm     .   A - +0 pair of gloves
MR       +....                  (no boots)
Stlth    +.........             (no amulet)
HPRegen  0.18/turn              G - ring of protection from magic
MPRegen  0.10/turn              D - +4 ring of slaying

@: brilliant, flying, slow
A: +LOS, swims, slowness 1, strong legs 1
a: Hop


You were on level 5 of the Dungeon.
You were not hungry.

You visited 1 branch of the dungeon, and saw 5 of its levels.

You collected 243 gold pieces.

Inventory:

Hand Weapons
 a - a +0 war axe (weapon)
Missiles
 d - 2 throwing nets (quivered)
Armour
 b - a +0 leather armour
 c - a +0 helmet
 o - a +0 leather armour of cold resistance
 q - a +2 helmet (worn)
 y - a +2 leather armour of cold resistance
 A - a +0 pair of gloves (worn)
 E - a +0 leather armour of fire resistance (worn)
Jewellery
 v - an uncursed ring of protection from cold
 D - a +4 ring of slaying (right hand)
 G - a ring of protection from magic (left hand)
Wands
 s - a wand of polymorph (17)
 F - a wand of random effects (24)
Scrolls
 e - 3 scrolls of enchant weapon {unknown}
 h - 2 scrolls of teleportation {unknown}
 i - 4 scrolls of blinking {unknown}
 j - 2 scrolls of immolation {unknown}
 m - 9 scrolls of identify {unknown}
 p - 4 scrolls of magic mapping {unknown}
 x - 5 scrolls of remove curse {unknown}
 B - a scroll of fog {unknown}
Potions
 k - a potion of curing
 C - a potion of heal wounds {unknown}
Books
 w - a book of Changes

   Spells                             Type                      Level
   a - Beastly Appendage              Transmutation                1
   b - Sticks to Snakes               Transmutation                2
   c - Spider Form                    Transmutation/Poison         3
   d - Ice Form                       Ice/Transmutation            4
   e - Blade Hands                    Transmutation                5
Comestibles
 f - 4 bread rations
 g - a meat ration
 l - 7 fruits
 n - a royal jelly


   Skills:
 + Level 4.5 Fighting
 + Level 7.9 Axes
 + Level 2.1 Throwing
 + Level 2.8 Armour
 + Level 4.7 Dodging
 + Level 0.7 Stealth


You had 6 spell levels left.
You didn't know any spells.

Dungeon Overview and Level Annotations

Branches:
Dungeon (5/15)
 Temple: D:4-7

Altars:
Gozag
Yredelemnul


Innate Abilities, Weirdness & Mutations

Shadows flee at your approach. (+LOS)
You can swim through water.
You cover ground slowly.
You can hop short distances.


Message History

The yak barely misses you.
You completely miss the yak.
The yak is almost dead.
The yak gores you!
* * * LOW HITPOINT WARNING * * *
Throwing (i - inventory):
d - 3 throwing nets (quivered)
Press: ? - help, Shift-Dir - straight line, f - yak
Aim: a yak (almost dead)
You throw a throwing net.
The throwing net closely misses the yak.
The yak gores you.
* * * LOW HITPOINT WARNING * * *
The yak closely misses you.
It was a potion of brilliance.
You feel clever all of a sudden. The yak closely misses you.
The yak completely misses you.
It was a potion of flight.
You feel very buoyant.
You fly up into the air.
The yak gores you!
You die...

####.####..##.#######..##...##...
#.....#..........#.............
#.....#).........#.............
#.....'..........+.............
#.....#..........#.............
##...##.....##...###########...
#############[..# .......##'##
#.. #...# .......#.... #...
##@..##.......#.... #....
#YYY.†........#.... #....
##..)##...?...#....
##....Y##Y..##.......#....
#....Yg.Y............#....
#.....Y##+####.......#.... #.....
......<#.... ##... .......'....
#.. .......#....


You could see 5 yaks.

Vanquished Creatures
  A phantom (D:4)
  An ogre (D:4)
  A scorpion (D:4)
  3 crimson imps
  2 orc priests (D:4)
  2 hounds (D:5)
  An orc wizard (D:4)
  Natasha (thrice) (D:3)
  A hound zombie (D:5)
  Robin (D:2)
  2 gnolls (D:5)
  10 adders
  An ooze (D:1)
  A worm (D:3)
  2 dart slugs
  3 leopard geckos
  6 orcs
  5 bats
  2 giant cockroaches
  17 goblins
  9 hobgoblins
  9 jackals
  6 frilled lizards
  12 kobolds
  11 rats
112 creatures vanquished.

Notes
Turn   | Place    | Note
-------+----------+-------------------------------------------
     0 | D:1      | slep the Barachi Gladiator began the quest for the Orb.
     0 | D:1      | Reached XP level 1. HP: 17/17 MP: 1/1
    53 | D:1      | Reached XP level 2. HP: 20/23 MP: 2/2
   367 | D:1      | Reached XP level 3. HP: 28/28 MP: 3/3
   547 | D:1      | Reached skill level 4 in Axes
   735 | D:2      | Noticed Robin
   743 | D:2      | Killed Robin
   743 | D:2      | Reached skill level 1 in Armour
   743 | D:2      | Reached XP level 4. HP: 20/34 MP: 4/4
  1450 | D:3      | Reached XP level 5. HP: 35/41 MP: 5/5
  1527 | D:3      | Reached skill level 5 in Axes
  1643 | D:3      | Noticed Natasha
  1653 | D:3      | Killed Natasha
  1661 | D:3      | Reached XP level 6. HP: 38/47 MP: 6/6
  1676 | D:3      | Noticed Natasha
  1682 | D:3      | Killed Natasha
  1721 | D:3      | Noticed Natasha
  1730 | D:3      | Killed Natasha
  1882 | D:3      | Reached skill level 6 in Axes
  2263 | D:4      | Noticed a phantom
  2298 | D:4      | Killed a phantom
  2321 | D:4      | Reached XP level 7. HP: 30/54 MP: 7/7
  2352 | D:4      | Found a basalt altar of Yredelemnul.
  2466 | D:4      | Reached skill level 7 in Axes
  2483 | D:4      | HP: 2/54 [orc priest/dagger (4)]
  3041 | D:5      | Entered Level 5 of the Dungeon
  3118 | D:5      | Found an opulent altar of Gozag.
  3470 | D:5      | Noticed a yak
  3470 | D:5      | Noticed a yak
  3470 | D:5      | Noticed a yak
  3471 | D:5      | Noticed a yak
  3473 | D:5      | Noticed a yak
  3474 | D:5      | Noticed a yak
  3491 | D:5      | HP: 2/55 [yak (2)]
  3496 | D:5      | Mangled by a yak

Vault maps used:
D:1:      minmay_arrival_pointy
D:2:      minmay_pentomino_z2, uniq_robin
D:3:      uniq_natasha
D:4:      kennysheep_mini, guppyfry_early_lair_pool
D:5:      basic_altar, first_bread, grunt_ministairs_8, minmay_misc_feat_x,
          mrwooster_statue_mirror

Skill      XL: |  1  2  3  4  5  6  7 |
---------------+----------------------+-----
Axes           | 4 5 6 7 |  7.9
Armour         | 1 2 |  2.8
Fighting       | 3 4 |  4.5
Dodging        | 4 |  4.7
Throwing       | |  2.1
Stealth        | |  0.7

Action                   |  1- 3 |  4- 6 |  7- 9 || total
-------------------------+-------+-------+-------++-------
Melee: War axe           |    85 |   158 |    86 ||   329
Throw: Throwing net      |       |       |     1 ||     1
  Use: Potion            |       |       |     4 ||     4
 Stab: Sleeping          |       |     1 |       ||     1
  Eat: Chunk             |       |     6 |     4 ||    10
Armor: Leather armour    |    25 |    46 |    26 ||    97
Dodge: Dodged            |    79 |   113 |    67 ||   259

Table legend:
 A = Spawn XP
 B = Non-spawn XP
 C = Spawn XP percentage of total XP
 D = Spawn monster count
 E = Non-spawn monster count
 F = Spawn count percentage of total count
 G = Total turns spent on level
                    A         B        C        D         E        F      G
               +---------+---------+-------+---------+---------+-------+---------
         Total |       0 |    1134 |   0.0 |       0 |     112 |   0.0 |  3496
               +---------+---------+-------+---------+---------+-------+---------
           D:1 |       0 |      56 |   0.0 |       0 |      32 |   0.0 |   596
           D:2 |       0 |      95 |   0.0 |       0 |      25 |   0.0 |   823
           D:3 |       0 |     273 |   0.0 |       0 |      30 |   0.0 |   725
           D:4 |       0 |     492 |   0.0 |       0 |      13 |   0.0 |   897
           D:5 |       0 |     218 |   0.0 |       0 |      12 |   0.0 |   455
               +---------+---------+-------+---------+---------+-------+---------
